Construct Infanterie Kompanie
Construct Luftwaffe Kompanie
Infanterie Officer Quarters
Selects Luftwaffe Battlegroup
Selects Stuka Strafing Run
Selects Fallschirmjäger Squad Paradrop
Fallschirmjäger Squad Paradrop
Fallschirmjäger Squad Paradrop
Selects Luftwaffe Pioneer Support
Selects LG40 Recoilless Gun Paradrop
LG40 Recoilless Gun Paradrop
Fallschirmpioneer Squad Paradrop
Construct Panzer Kompanie
Marder III M Tank Destroyer
LG40 Recoilless Gun Paradrop
Marder III M Tank Destroyer
Fallschirmjäger Squad Paradrop